 Dungeon Crawl Stone Soup version 0.30.1-11-g7821555f0a (webtiles) character file.

Game seed: 25358870587611042

3161 MrIGI the Protected (level 9, -6/84 HPs)
             Began as an Armataur Fighter on Dec 12, 2023.
             Was a Believer of the Shining One.
             Mangled by Gastronok (32 damage)
             ... on level 8 of the Dungeon.
             The game lasted 00:38:55 (8874 turns).

MrIGI the Protected (Armataur Fighter)              Turns: 8874, Time: 00:38:55

Health: -6/84      AC: 13    Str: 24    XL:     9   Next: 62%
Magic:  9/9        EV:  5    Int:  9    God:    the Shining One [**....]
Gold:   547        SH:  5    Dex: 11    Spells: 8/8 levels left

rFire   . . .        a - +1 long sword
rCold   . . .        c - +0 buckler
rNeg    + . .        G - +0 plate armour
rPois   .            (no helmet)
rElec   .            (no cloak)
rCorr   .            n - +0 pair of gloves
SInv    .            (no barding)
Will    .....        y - amulet of regeneration Stlth
                     (no ring)
HPRegen 1.14/turn    (no ring)
MPRegen 0.11/turn

%: roll
@: slowed, glowing, very slow
A: large, rugged brown scales 3, deformed body, armoured tail, roll, long
tongue, awkward tongue
a: Renounce Religion, Divine Shield


You were on level 8 of the Dungeon.
You worshipped the Shining One.
The Shining One was pleased with you.
You visited 1 branch of the dungeon, and saw 9 of its levels.
You also visited: Sewer.

You collected 547 gold pieces.

Inventory:

Hand Weapons
 a - a +1 long sword (weapon)
 H - a +2 short sword of speed
 I - a +5 spear of flaming
Armour
 b - a +0 scale mail
 c - a +0 buckler (worn)
 n - a +0 pair of gloves (worn)
 G - a +0 plate armour (worn)
Magical Staves
 k - a staff of cold
 r - a staff of earth
Jewellery
 y - an amulet of regeneration (around neck)
Wands
 F - a wand of flame (16)
Scrolls
 e - 2 scrolls of identify
 f - 2 scrolls of poison
 g - 2 scrolls of enchant armour
 h - a scroll of summoning
 j - a scroll of magic mapping
 p - a scroll of vulnerability
 s - 2 scrolls of fear
 t - a scroll of fog {unknown}
 z - a scroll of brand weapon
 B - a scroll of teleportation {unknown}
 C - a scroll of enchant weapon
 E - a scroll of blinking {unknown}
Potions
 d - 2 potions of might
 i - 2 potions of degeneration
 l - 2 potions of curing
 m - 4 potions of lignification {unknown}
 o - a potion of flight {unknown}
 q - 2 potions of attraction {unknown}
 u - a potion of cancellation {unknown}
 v - a potion of magic {unknown}
 w - a potion of heal wounds {unknown}
 x - a potion of invisibility {unknown}
 A - a potion of mutation {unknown}
 D - a potion of haste {unknown}


   Skills:
 * Level 7.3 Fighting
 + Level 7.8 Long Blades
 + Level 8.2 Armour
 + Level 1.9 Dodging
 + Level 1.1 Stealth
 + Level 5.0 Shields


You had 8 spell levels left.
You didn't know any spells.
Your spell library contained the following spells:

 Spells                   Type           Power      Damage    Failure   Level
 Summon Small Mammal      Summ           0%         N/A       99%         1
 Call Imp                 Summ           0%         N/A       100%        2
 Summon Lightning Spire   Summ/Air       0%         N/A       100%        4
 Blade Hands              Tmut           0%         N/A       100%        5
 Irradiate                Conj/Tmut      0%         3d11      100%        5
 Dragon Form              Tmut           0%         N/A       100%        7
 Storm Form               Tmut/Air       0%         N/A       100%        7
 Maxwell's Capacitive Co  Air            0%         ∞         100%        8
 Summon Horrible Things   Summ           0%         N/A       100%        8
 Dragon's Call            Summ           0%         N/A       100%        9


Dungeon Overview and Level Annotations

Branches:
Dungeon (9/15)             Temple (0/1) D:5           Sewer (visited)
   Lair: D:8-11         Orc: D:9-12

Altars:
Ashenzari
Cheibriados
Dithmenos
Elyvilon
Fedhas
Gozag
Kikubaaqudgha
Qazlal
Sif Muna
Trog
Uskayaw
Wu Jian
The Shining One

Shops:
D:4 [

Portals:
Abyss: D:6

Annotations:
D:6 1 transporter, Dowan; Moodymarshmallow's ghost, novice TeIE
D:7 2 transporters, vvlvvlvvl's ghost, novice GrEE
D:8 Gastronok


Innate Abilities, Weirdness & Mutations

You are completely covered in rugged brown scales. (AC +3, +7% HP)
Armour fits poorly on your strangely shaped body.
You have a long armoured tail.
You roll when moving toward enemies. (Rampage)
Your long tongue fully drains potion bottles. (2x potion effects)
Your tongue gives you trouble enunciating. (1.5x scroll delay)


Message History

You block the orc's attack.
You barely miss the orc. You tail-slap the orc.
You kill the orc!
Things that are here:
a +0 club; 3 boomerangs of dispersal
Things that are here:
a +0 club; 3 boomerangs of dispersal You roll towards Gastronok!
You hit Gastronok but do no damage. You tail-slap Gastronok.
Gastronok is lightly wounded.
Gastronok looks at you while chanting.
You feel yourself slow down.
You hit Gastronok. You tail-slap Gastronok!
Gastronok is lightly wounded.
Gastronok bites you!
You slash Gastronok! You tail-slap Gastronok!
Gastronok is moderately wounded.
You take on a slight green cast.
You slash Gastronok!
Gastronok is moderately wounded.
You completely miss Gastronok. You tail-slap Gastronok!
Gastronok is moderately wounded.
Gastronok bites you!!
You slash Gastronok! You tail-slap Gastronok.
Gastronok is heavily wounded.
Gastronok bites you!
You hit Gastronok.
Gastronok is heavily wounded.
Gastronok's eyestalks stretch out, then return to normal size.
You hit Gastronok.
Gastronok is heavily wounded.
You hit Gastronok but do no damage.
Gastronok is heavily wounded.
Gastronok waves his eye-stalks in wide circles.
The air twists around and strikes you!!
* * * LOW HITPOINT WARNING * * *
You slash Gastronok!
Gastronok is heavily wounded.
Gastronok bites you!!
You die...

#.#.............)
#.#>.....w.......
#####.#.###.#.###.###
#....o....#.#.#..o...
#.###.#.#.#+#...#)##.
#.#.....#....####.r..
#.#.......|..'.......
#.####.###...########
#.).@w.# ###...
######## #.## #+


You could see Gastronok.

Vanquished Creatures
  Grinder (D:4)
  A water moccasin (D:6)
  5 ice beasts
  3 orc warriors
  2 black bears
  An ogre (D:5)
  3 centaurs
  A phantom (D:5)
  4 kobold brigands
  A gnoll sergeant (D:9)
  3 scorpions (D:6)
  A hound (D:5)
  3 jellies
  An orc priest (D:7)
  A sleepcap (D:7)
  A gnoll bouda (D:7)
  Jessica (D:3)
  3 iguanas
  11 orc wizards
  13 gnolls
  2 river rats (Sewer)
  6 adders
  2 shadow imps (D:5)
  3 white imps
  2 ufetubi
  8 worms
  6 dart slugs
  28 orcs
  6 bats
  8 endoplasms
  5 giant cockroaches
  9 hobgoblins
  5 quokkas
  8 ball pythons
  3 frilled lizards
  6 goblins
  20 kobolds
  15 rats
  A spectral hobgoblin (D:2)
203 creatures vanquished.

Notes
Turn   | Place    | Note
-------+----------+-------------------------------------------
     0 | D:1      | MrIGI the Armataur Fighter began the quest for the Orb.
     0 | D:1      | Reached XP level 1. HP: 19/19 MP: 1/1
    96 | D:1      | Got the Meditations on Beckoning
   136 | D:1      | Reached XP level 2. HP: 26/26 MP: 2/2
   427 | D:1      | Reached skill level 4 in Armour
   734 | D:1      | Reached XP level 3. HP: 30/32 MP: 3/3
  1426 | D:2      | Found a faded altar of an unknown god.
  1778 | D:2      | Reached XP level 4. HP: 40/40 MP: 4/4
  2204 | D:3      | Found a glowing golden altar of the Shining One.
  2212 | D:3      | Became a worshipper of the Shining One
  2407 | D:3      | Reached XP level 5. HP: 39/49 MP: 5/5
  2714 | D:3      | Found an ornate altar of the Wu Jian Council.
  2772 | D:3      | Found an opulent altar of Gozag.
  2937 | D:3      | Found a shimmering blue altar of Sif Muna.
  3037 | D:3      | Noticed Jessica
  3041 | D:3      | Killed Jessica
  3156 | D:4      | Noticed a black bear
  3216 | D:4      | Found a shadowy altar of Dithmenos.
  3255 | D:4      | Noticed Grinder
  3257 | D:4      | Noticed a black bear
  3268 | D:5      | Entered Level 5 of the Dungeon
  3278 | D:5      | Reached skill level 5 in Armour
  3386 | D:4      | Found a glowing drain.
  3393 | Sewer    | Entered a sewer
  3555 | Sewer    | Reached XP level 6. HP: 55/55 MP: 6/6
  3572 | Sewer    | Reached * piety under the Shining One
  4187 | D:5      | Reached XP level 7. HP: 64/64 MP: 7/7
  4767 | D:4      | Reached skill level 5 in Fighting
  4862 | D:4      | Found Nohacs's Armour Shoppe.
  5241 | D:5      | Reached skill level 5 in Long Blades
  5320 | D:5      | Found a staircase to the Ecumenical Temple.
  5364 | D:6      | Noticed a two-headed ogre
  5410 | D:4      | Reached skill level 6 in Armour
  5526 | D:6      | Reached skill level 1 in Dodging
  5526 | D:6      | Reached XP level 8. HP: 31/72 MP: 8/8
  5535 | D:6      | Reached skill level 1 in Stealth
  5591 | D:6      | Found a snail-covered altar of Cheibriados.
  5742 | D:6      | Reached skill level 7 in Armour
  5790 | D:6      | Found a one-way gate to the infinite horrors of the Abyss.
  5790 | D:6      | Noticed Moodymarshmallow's ghost (novice TeIE)
  5851 | D:6      | Found a transporter.
  5858 | D:6      | Found a hide-covered altar of Uskayaw.
  5896 | D:6      | Found a broken altar of Ashenzari.
  6195 | D:5      | Reached ** piety under the Shining One
  7131 | D:4      | Paralysed by Grinder for 5 turns
  7143 | D:4      | Killed Grinder
  7349 | D:6      | Found a blossoming altar of Fedhas.
  7360 | D:6      | Reached XP level 9. HP: 72/80 MP: 9/9
  7433 | D:6      | Noticed an orange demon
  7434 | D:6      | Noticed an ancient zyme
  7457 | D:7      | Found a stormy altar of Qazlal.
  7777 | D:7      | Noticed a moth of wrath
  7789 | D:7      | Found a bloodstained altar of Trog.
  7792 | D:7      | Noticed vvlvvlvvl's ghost (novice GrEE)
  7796 | D:7      | Found a transporter.
  7803 | D:7      | Found a transporter.
  8039 | D:6      | Noticed Dowan
  8163 | D:6      | Reached skill level 8 in Armour
  8313 | D:7      | Found an ancient bone altar of Kikubaaqudgha.
  8340 | D:7      | Found a white marble altar of Elyvilon.
  8605 | D:8      | Noticed Gastronok
  8809 | D:9      | Reached skill level 5 in Shields
  8823 | D:9      | Noticed a two-headed ogre
  8874 | D:8      | Mangled by Gastronok

Illustrated notes

Levels and vault maps discovered:
D:1:      evilmike_arrival_crescent, layout_loops_corners
D:2:      layout_basic, dreamdust_ecumenical_altar_drowned_temple,
          serial_forest, infiniplex_forest_clump_curved,
          infiniplex_forest_clump_double, infiniplex_forest_lined_2,
          infiniplex_forest_clump_curved, infiniplex_forest_straight_2,
          due_unseen_surprise
D:3:      layout_basic, mainiacjoe_overflow_small_starburst,
          mainiacjoe_overflow_paths, overflow_temple_1_default, led_sif_pool,
          minmay_misc_feat_chi, uniq_jessica
D:4:      layout_loops_corners, general_overflow_altar,
          mainiacjoe_overflow_alcove_1, gup_sewer_entry_bubbles, serial_shops,
          shop, uniq_grinder
D:5:      layout_layer_cave, minmay_temple_entry_wispy
D:6:      layout_basic, lemuel_round_altar, eat_drink_and_be_merry_uskayaw,
          ashenzari_conservatory_becter, mainiacjoe_overflow_tiny_flanked,
          gammafunk_ghost_abyssal_escape, grunt_ministairs_12, uniq_duvessa
D:7:      layout_cave_pools, mainiacjoe_overflow_24_doors, lemuel_tele_altar,
          nicolae_qazlal_style_of_elements, gammafunk_ghost_wrathful_warriors
D:8:      layout_basic, uniq_gastronok, uniq_amaemon, uniq_pikel, uniq_grum,
          uniq_erica, uniq_psyche
D:9:      layout_basic, mainiacjoe_overflow_six_doors_small, lair_entry_dummy,
          serial_shops, shop, shop

Skill      XL: |  1  2  3  4  5  6  7  8  9 |
---------------+----------------------------+-----
Long Blades    | 2 3 4 5 6 7 |  7.8
Armour         | 4 5 6 7 8 |  8.2
Fighting       | 3 4 5 6 7 |  7.3
Shields        | 4 5 |  5.0
Dodging        | 1 |  1.9
Stealth        | 1 |  1.1

Action                     |  1- 3 |  4- 6 |  7- 9 || total
---------------------------+-------+-------+-------++-------
  Melee: Long sword        |   168 |   259 |   423 ||   850
         Tailslap          |    23 |    46 |   104 ||   173
    Use: Scroll            |       |     6 |     4 ||    10
         Potion            |       |       |     1 ||     1
 Armour: Scale mail        |    53 |   117 |   174 ||   344
         Plate armour      |       |       |    59 ||    59
  Dodge: Dodged            |    34 |    93 |   165 ||   292
  Block: Buckler           |    16 |    45 |   109 ||   170
